 Dungeon Crawl Stone Soup version 0.30-a0-578-gdee14c521f (webtiles) character file.

Game seed: 9900126437357285257

919 wormed the Chopper (level 7, -1/55 HPs)
             Began as a Demonspawn Fighter on Jan 1, 2023.
             Slain by an orc wizard
             ... wielding a +0 dagger
              (2 damage)
             ... on level 5 of the Dungeon.
             The game lasted 00:06:49 (4024 turns).

wormed the Chopper (Demonspawn Fighter)             Turns: 4024, Time: 00:06:49

Health: -1/55      AC: 15    Str: 18    XL:     7   Next: 83%
Magic:  7/7        EV:  9    Int:  9    God:
Gold:   240        SH:  5    Dex: 13    Spells: 6/6 levels left

rFire   . . .      SeeInvis .    y - +2 flail (venom)
rCold   . . .      Faith    .    c - +0 buckler
rNeg    . . .      Spirit   .    b - +0 scale mail
rPois   .          Reflect  .    o - +2 helmet
rElec   .          Harm     .    n - +0 cloak
rCorr   .          Rampage  .    (no gloves)
Will    .....                    t - +0 pair of boots Stlth
                                 i - amulet of regeneration
HPRegen 1.09/turn                (no ring)
MPRegen 0.10/turn                (no ring)

@: no status effects
A: hooves 1, icy blue scales 2, demonic guardian 1, foul stench 1
a: no special abilities


You were on level 5 of the Dungeon.
You visited 1 branch of the dungeon, and saw 5 of its levels.
You also visited: Sewer.

You collected 266 gold pieces.
You spent 26 gold pieces at shops.

Inventory:

Hand Weapons
 a - a +0 war axe
 y - a +2 flail of venom (weapon)
Missiles
 m - 2 javelins (quivered)
 A - 6 poisoned darts
Armour
 b - a +0 scale mail (worn)
 c - a +0 buckler (worn)
 n - a +0 cloak (worn)
 o - a +2 helmet (worn)
 t - a +0 pair of boots (worn)
Jewellery
 i - an amulet of regeneration (around neck)
 B - a ring of willpower
Wands
 d - a wand of roots (7)
 C - a wand of flame (21)
Scrolls
 e - 2 scrolls of enchant weapon {unknown}
 f - a scroll of butterflies {unknown}
 k - 2 scrolls of fog {unknown}
 l - a scroll of fear {unknown}
 p - 5 scrolls of teleportation {unknown}
 q - 3 scrolls of immolation {unknown}
 s - 3 scrolls of blinking
 u - a scroll of noise {unknown}
 w - a scroll of torment {unknown}
 x - a scroll of poison {unknown}
 z - a scroll of brand weapon {unknown}
Potions
 g - 2 potions of haste
 h - 2 potions of berserk rage
 j - a potion of resistance
 r - a potion of mutation
 v - 2 potions of might


   Skills:
 + Level 4.9 Fighting
 * Level 5.5 Axes
 + Level 4.5 Armour
 + Level 4.5 Shields


You had 6 spell levels left.
You didn't know any spells.
Your spell library contained the following spells:

 Spells                   Type           Power      Damage    Failure   Level
 Static Discharge         Conj/Air       0%         2-2/arc   94%         2
 Vhi's Electric Charge    Tloc/Air       0%         N/A       99%         3
 Arcjolt                  Conj/Air       0%         1d10      100%        5
 Lightning Bolt           Conj/Air       0%         1d11      100%        5


Dungeon Overview and Level Annotations

Branches:
Dungeon (5/15)              Sewer (visited)
 Temple: D:4-7

Altars:

Shops:
D:2 ?   D:4 (


Innate Abilities, Weirdness & Mutations

You have large cloven feet.
You are mostly covered in icy blue scales. (AC +3)
A weak demonic guardian rushes to your aid.
You may rarely emit foul miasma when damaged in melee.


Message History

The orc wizard barely misses you.
The orc priest calls down the wrath of Beogh upon you.
Beogh smites you!
A demonic guardian appears!
You're too confused to move!
The orc wizard points at you and mumbles some strange words.
The puff of flame hits you but does no damage.
The orc priest calls down the wrath of Beogh upon you.
Pain shoots through your body! The orc hits you but does no damage.
You bump into the closed door.
The orc barely misses you.
The orc priest begins to cast a cantrip, but forgets the words!
The orc wizard hits you but does no damage.
The orc priest hits you but does no damage.
The orc priest closely misses you.
The orc wizard gestures at you while chanting.
The magic dart hits you.
Your shadow imp barely misses the orc priest.
You sock your shadow imp!
Your shadow imp is almost dead.
The orc wizard hits you but does no damage.
The orc priest hits your shadow imp with a +0 hand axe.
Your shadow imp dies!
Your shadow imp disappears in a puff of smoke!
The orc priest barely misses you. x2; The orc priest hits you with a +0 whip.
The orc attacks as you move away! The orc barely misses you.
The orc priest mumbles some strange prayers to Beogh against you.
Beogh smites you!
* * * LOW HITPOINT WARNING * * *
You see here a wand of mindburst (16).
You are too confused!
Unknown command.
You are too confused!
You feel less confused.
You sock the orc!
You kill the orc!
The orc priest invokes the aid of Beogh against you.
Beogh smites you!
* * * LOW HITPOINT WARNING * * *
A demonic guardian appears!
The orc wizard hits you with a +0 dagger.
You die...

#'#####...
##.....# #.###.#
#...#.## ###....#
#....### ##.#...#
##+## #.###.#
##...#
#.....###/@5.#
...#####'.ooo..##
# ##.........#
+.?.......+
#.........#
##.......##
##......#
##...#.# #+##..


You could see 2 orc priests, an orc wizard (ally target) and a friendly shadow
imp (summoned).

Vanquished Creatures
  Grinder (D:3)
  An ice beast (D:5)
  2 bullfrogs (Sewer)
  2 necrophages
  An orc priest (D:3)
  2 hounds
  2 iguanas
  An orc wizard (D:3)
  8 adders
  3 ufetubi
  4 worms
  2 dart slugs
  10 orcs
  11 ball pythons
  13 endoplasms
  6 giant cockroaches
  3 goblins (D:3)
  2 hobgoblins
  6 jackals (D:1)
  5 kobolds
  12 quokkas
  4 bats (D:1)
  8 frilled lizards
  2 rats
111 creatures vanquished.

Vanquished Creatures (collateral kills)
  A giant cockroach (D:4)
1 creature vanquished.

Grand Total: 112 creatures vanquished

Notes
Turn   | Place    | Note
-------+----------+-------------------------------------------
     0 | D:1      | wormed the Demonspawn Fighter began the quest for the Orb.
     0 | D:1      | Reached XP level 1. HP: 18/18 MP: 1/1
    42 | D:1      | Reached skill level 2 in Axes
    48 | D:1      | Gained mutation: You have large cloven feet. [demonic
                  | ancestry]
    48 | D:1      | Reached XP level 2. HP: 20/24 MP: 2/2
   412 | D:1      | Reached XP level 3. HP: 29/29 MP: 3/3
   604 | D:2      | Found Let Wihyoch's Magic Scroll Shop.
   628 | D:2      | Bought a scroll of identify for 26 gold pieces
  1155 | D:2      | Found a faded altar of an unknown god.
  1516 | D:3      | Gained mutation: You are partially covered in icy blue
                  | scales. (AC +2) [demonic ancestry]
  1516 | D:3      | Reached XP level 4. HP: 35/35 MP: 4/4
  1520 | D:3      | Noticed Grinder
  1645 | D:3      | Paralysed by Grinder for 2 turns
  1957 | D:3      | Reached skill level 3 in Axes
  2006 | D:3      | Noticed a necrophage
  2015 | D:3      | Killed a necrophage
  2016 | D:3      | Gained mutation: You are mostly covered in icy blue scales.
                  | (AC +3) [demonic ancestry]
  2016 | D:3      | Reached XP level 5. HP: 42/42 MP: 5/5
  2188 | D:3      | Paralysed by Grinder for 5 turns
  2197 | D:3      | Paralysed by Grinder for 5 turns
  2206 | D:3      | Killed Grinder
  2207 | D:3      | Reached skill level 4 in Axes
  2207 | D:3      | Gained mutation: You may rarely emit foul miasma when
                  | damaged in melee. [demonic ancestry]
  2207 | D:3      | Reached XP level 6. HP: 17/48 MP: 6/6
  2706 | D:4      | Found a glowing drain.
  2719 | Sewer    | Entered a sewer
  2976 | Sewer    | Gained mutation: A weak demonic guardian rushes to your
                  | aid. [demonic ancestry]
  2976 | Sewer    | Reached XP level 7. HP: 49/55 MP: 7/7
  3075 | D:4      | Found Limeytaz's Antique Weapon Shoppe.
  3333 | D:4      | Reached skill level 5 in Axes
  3713 | D:5      | Entered Level 5 of the Dungeon
  4024 | D:5      | HP: 1/55 [orc priest/divine providence (12)]
  4024 | D:5      | Slain by an orc wizard

Illustrated notes

Levels and vault maps discovered:
D:1:      ncdulo_lavacross, layout_rooms
D:2:      layout_basic, shapermc_ecumenical_altar_mp_vishouse, serial_shops,
          nicolae_shop_crystal, nrook_uturn, st_stairs_5,
          hangedman_abyss_or_decor_lesser_grid, moated_statue
D:3:      layout_basic, hex_medium, uniq_grinder
D:4:      layout_gridville, lemuel_tele_altar, gup_sewer_entry_bubbles,
          nicolae_inconvenience_store
D:5:      minmay_evil_eye, layout_loops_corners, mainiacjoe_overflow_swirl,
          enter_ossuary_3, uniq_crazy_yiuf_cottage

Skill      XL: |  1  2  3  4  5  6  7 |
---------------+----------------------+-----
Axes           | 2 3 4 5 |  5.5
Armour         | 3 4 |  4.5
Shields        | 3 4 |  4.5
Fighting       | 4 |  4.9

Action                   |  1- 3 |  4- 6 |  7- 9 || total
-------------------------+-------+-------+-------++-------
Melee: War axe           |    60 |   227 |    29 ||   316
       Kick              |    10 |    10 |       ||    20
       Flail             |       |       |    47 ||    47
Throw: Javelin           |       |     4 |       ||     4
  Use: Potion            |       |     4 |       ||     4
       Scroll            |       |     2 |       ||     2
Armor: Scale mail        |    45 |   137 |    48 ||   230
Dodge: Dodged            |    25 |   103 |    41 ||   169
Block: Buckler           |    16 |    54 |    20 ||    90

Table legend: (Time is in decaauts)
 A = Elapsed time spent in this place.
 B = Non-inter-level travel time spent in this place.
 C = Inter-level travel time spent in this place.
 D = Time resting spent in this place.
 E = Time spent auto-exploring this place.
 F = Levels seen in this place.
 G = Mean time per level.
                   A        B        C        D        E       F      G
               +--------+--------+--------+--------+--------+-----+--------+
         Total |   4243 |   3877 |    366 |      1 |   2847 |   6 |  707.2 |
       Dungeon |   3860 |   3494 |    366 |      1 |   2701 |   5 |  772.0 |
         Sewer |    383 |    383 |      0 |      0 |    145 |   1 |  383.0 |
               +--------+--------+--------+--------+--------+-----+--------+

Top non-repeatable levels by time:
     D:2: 1210 daAuts
     D:4: 919 daAuts
     D:3: 897 daAuts
     D:1: 512 daAuts
   Sewer: 383 daAuts
     D:5: 320 daAuts
